 Dungeon Crawl Stone Soup version 0.22-a0-407-gb098539 (webtiles) character file.

79 dstrtnsr the Chopper (level 4, -4/41 HPs)
             Began as a Hill Orc Berserker on May 9, 2018.
             Was a Follower of Trog.
             Slain by a hound (5 damage)
             ... on level 4 of the Dungeon.
             The game lasted 00:00:49 (952 turns).

dstrtnsr the Chopper (Hill Orc Berserker)            Turns: 952, Time: 00:00:50

Health: -4/41      AC:  2    Str: 20    XL:     4   Next: 37%
Magic:  4/4        EV: 12    Int:  7    God:    Trog [*.....]
Gold:   52         SH:  0    Dex: 10    Spells: 3/3 levels left

rFire    + . .     SeeInvis .   a - +0 hand axe
rCold    x . .     Gourm    .   (no shield)
rNeg     . . .     Faith    .   b - +0 animal skin
rPois    .         Spirit   .   (no helmet)
rElec    .         Reflect  .   (no cloak)
rCorr    .         Harm     .   (no gloves)
MR       .....                  (no boots)
Stlth    +.........             (no amulet)
HPRegen  0.13/turn              i - ring of fire
MPRegen  0.09/turn              (no ring)

@: lethally poisoned (-4 -> -16), berserk cooldown, slowed, very slow
A: no striking features
a: Berserk, Renounce Religion


You were on level 4 of the Dungeon.
You worshipped Trog.
Trog was aware of your devotion.
You were hungry.

You visited 1 branch of the dungeon, and saw 3 of its levels.

You collected 52 gold pieces.

Inventory:

Hand Weapons
 a - a +0 hand axe (weapon)
Armour
 b - a +0 animal skin (worn)
Jewellery
 i - a ring of fire (left hand)
 m - an uncursed ring of poison resistance {unknown}
Scrolls
 c - 2 scrolls of immolation
 k - a scroll of identify {unknown}
 l - a scroll of remove curse {unknown}
Potions
 d - a potion of brilliance {unknown}
 f - a potion of magic {unknown}
 g - a potion of ambrosia {unknown}
 h - a potion of agility {unknown}
 j - a potion of haste {unknown}
Comestibles
 e - 4 rations {!d}


   Skills:
 + Level 4.5 Fighting
 * Level 6.0 Axes
 - Level 2.1 Armour
 - Level 1.5 Dodging


You had 3 spell levels left.
You didn't know any spells.

Dungeon Overview and Level Annotations

Branches:
Dungeon (2/15)

Altars:


Message History

No target in view!
No target in view!
There is an open door here.
You open the door.
There is an open door here.
There is an open door here.
There is an open door here.
Eating a chunk of flesh.
You eat the chunk of flesh.
This raw flesh tastes terrible.
f - a blue potion You open the door.
There is an open door here.
You now have 52 gold pieces (gained 10).
As you open the door, it creaks loudly!
There is an open door here.
Found a robe.
There is an open door here.
You open the door.
There is an open door here.
e - 4 rations {!d} (gained 1)
m - a small iron ring You open the door.
There is an open door here.
As you open the door, it creaks loudly!
There is an open door here.
Found a hand axe.
Found 24 arrows.
You see here 24 arrows.
A scorpion comes into view.
A scorpion is nearby!
A scorpion is nearby!
You hit the scorpion but do no damage. The scorpion barely misses you.
You closely miss the scorpion. The scorpion stings you.
You are poisoned.
The scorpion poisons you!
You barely miss the scorpion.
You feel sick. The scorpion barely misses you.
You hit the scorpion but do no damage.
You feel sick. The scorpion closely misses you.
A red film seems to cover your vision as you go berserk!
You feel yourself moving faster!
You feel mighty!
You are feeling hungry.
You feel sick. The scorpion barely misses you.
You hit the scorpion.
The scorpion is moderately wounded.
The scorpion misses you.
You hit the scorpion.
The scorpion is heavily wounded.
You feel sick.
You closely miss the scorpion.
The scorpion is heavily wounded.
The scorpion stings you.
You are more poisoned.
The scorpion poisons you!
You hit the scorpion but do no damage.
The scorpion is heavily wounded.
You feel sick. The scorpion stings you!
You are more poisoned.
The scorpion poisons you!
You closely miss the scorpion.
The scorpion is heavily wounded.
You feel sick.
You hit the scorpion but do no damage.
The scorpion is heavily wounded.
You feel sick.
The scorpion stings you but does no damage.
You slash the scorpion!
You kill the scorpion!
Trog accepts your kill.
Your Axes skill increases to level 6!
You have reached level 4!
You feel sick.
You start resting.
You feel sick.
You feel a strong urge to attack something.
You are no longer berserk.
You pass out from exhaustion.
You feel yourself slow down.
You feel sick.
You feel sick.
A hound comes into view.
You feel sick.
The hound barks!
You feel sick. The hound bites you. x2
You can move again.
There is a lethal amount of poison in your body!
There is a lethal amount of poison in your body!
There is a lethal amount of poison in your body!
There is a lethal amount of poison in your body!
Unknown command.
You are too injured to fight recklessly!
You are too injured to fight recklessly!
You hit the hound.
The hound is lightly wounded.
You feel sick. The hound closely misses you. The hound bites you.
* * * LOW HITPOINT WARNING * * *
You closely miss the hound.
The hound is lightly wounded.
* * * LOW HITPOINT WARNING * * *
You feel sick. The hound bites you.
* * * LOW HITPOINT WARNING * * *
The hound bites you.
You die...

##.## #####..(......#
#.# #.###.###.# #.# #.#
#.## ##'## #.# #..##
##...## #.# #...#
##.....## #.# ##.##
#.......# #..# #.#
.........####...##.##.#
.........+.....†@h%...#
.........####...##.####
#.......## ##.# #.#
##.....## ## #.#
##...## ... #+## ..#
.##


You could see a hound.

Vanquished Creatures
  A scorpion (D:4)
  An ooze (D:2)
  2 worms (D:2)
  3 giant cockroaches (D:2)
  3 goblins
  3 hobgoblins (D:2)
  4 bats
  3 frilled lizards
20 creatures vanquished.

Notes
Turn   | Place    | Note
-------+----------+-------------------------------------------
     0 | D:1      | dstrtnsr the Hill Orc Berserker began the quest for the Orb.
     0 | D:1      | Reached XP level 1. HP: 19/19 MP: 1/1
   179 | D:2      | Reached XP level 2. HP: 20/27 MP: 2/2
   405 | D:2      | Reached skill level 5 in Axes
   583 | D:2      | Reached XP level 3. HP: 33/33 MP: 3/3
   610 | D:2      | You fall through a shaft for 2 floors!
   931 | D:4      | Noticed a scorpion
   945 | D:4      | Killed a scorpion
   945 | D:4      | Reached skill level 6 in Axes
   945 | D:4      | Reached XP level 4. HP: 37/41 MP: 4/4
   950 | D:4      | HP: 15/41 [hound (3)]
   952 | D:4      | HP: 6/41 [poisoned by a scorpion]
   952 | D:4      | HP: 1/41 [hound (5)]
   952 | D:4      | Slain by a hound

Vault maps used:
D:1:      mrwooster_arrival_statue_3
D:2:      cheibrodos_helix_gallery, bloody_makhleb
D:4:      trog_eyes_of_draining, kennysheep_mini_moat,
          kennysheep_okawaru_gauntlet, minmay_temple_entry_enclosed_plants,
          first_ration

Skill      XL: |  1  2  3 |
---------------+----------+-----
Fighting       | 4 |  4.5
Axes           | 5 6 |  6.0
Armour         | |  2.1
Dodging        | |  1.5

Action                   |  1- 3 |  4- 6 || total
-------------------------+-------+-------++-------
Melee: Hand axe          |    64 |     2 ||    66
Invok: Berserk           |     2 |       ||     2
  Use: Scroll            |     1 |       ||     1
  Eat: Chunk             |     1 |       ||     1
Armor: Animal skin       |    15 |       ||    15
Dodge: Dodged            |    59 |     1 ||    60

Table legend:
 A = Spawn XP
 B = Non-spawn XP
 C = Spawn XP percentage of total XP
 D = Spawn monster count
 E = Non-spawn monster count
 F = Spawn count percentage of total count
 G = Total turns spent on level
                    A         B        C        D         E        F      G
               +---------+---------+-------+---------+---------+-------+---------
         Total |       0 |     113 |   0.0 |       0 |      20 |   0.0 |   952
               +---------+---------+-------+---------+---------+-------+---------
           D:1 |       0 |       5 |   0.0 |       0 |       3 |   0.0 |   165
           D:2 |       0 |      37 |   0.0 |       0 |      15 |   0.0 |   445
           D:4 |       0 |      71 |   0.0 |       0 |       2 |   0.0 |   342
               +---------+---------+-------+---------+---------+-------+---------
